 Dungeon Crawl Stone Soup version 0.23.2-33-g5129a83184 (webtiles) character file.

Game seed: 18385380732151749919

130 funkygono the Vandal (level 5, -4/39 HPs)
             Began as a Formicid Hunter on July 21, 2019.
             Slain by an ice beast (10 damage)
             ... on level 3 of the Dungeon.
             The game lasted 00:07:28 (2820 turns).

funkygono the Vandal (Formicid Hunter)              Turns: 2820, Time: 00:07:29

Health: -4/39      AC:  5    Str: 16    XL:     5   Next: 36%
Magic:  5/5        EV: 12    Int: 11    God:
Gold:   239        SH:  0    Dex: 12    Spells: 4/4 levels left

rFire    . . .     SeeInvis +   a - +0 whip
rCold    . . .     Gourm    .   (no shield)
rNeg     . . .     Faith    .   c - +0 leather armour
rPois    .         Spirit   .   (helmet unavailable)
rElec    .         Reflect  .   u - +0 cloak
rCorr    .         Harm     .   k - +0 pair of gloves
MR       .....                  (no boots)
Stlth    ++........             (no amulet)
HPRegen  0.13/turn              m - ring of flight
MPRegen  0.09/turn              (no ring)

@: no status effects
A: permanent stasis, dig shafts and tunnels, four strong arms, antennae 3
a: Dig, Shaft Self, Evoke Flight


You were on level 3 of the Dungeon.
You were not hungry.

You visited 1 branch of the dungeon, and saw 3 of its levels.

You collected 239 gold pieces.

Inventory:

Hand Weapons
 a - a +0 whip (weapon)
 b - a +1 hunting sling
Missiles
 d - a sling bullet
 g - 108 stones (quivered)
Armour
 c - a +0 leather armour (worn)
 k - a +0 pair of gloves (worn)
 u - a +0 cloak (worn)
Jewellery
 m - a ring of flight (left hand)
Scrolls
 e - 5 scrolls of remove curse
 p - 3 scrolls of amnesia
 r - a scroll of enchant armour {unknown}
 s - a scroll of random uselessness {unknown}
Potions
 h - 2 potions of lignification
 i - 2 potions of berserk rage {unknown}
 j - a potion of might {unknown}
 l - a potion of mutation {unknown}
 n - a potion of haste {unknown}
 o - 2 potions of magic {unknown}
 q - a potion of flight {unknown}
 t - a potion of heal wounds {unknown}
Comestibles
 f - 4 rations
 v - a chunk of flesh


   Skills:
 + Level 2.7 Fighting
 + Level 0.9 Maces & Flails
 + Level 6.0 Slings
 + Level 1.4 Armour
 + Level 2.1 Dodging
 + Level 1.6 Stealth


You had 4 spell levels left.
You didn't know any spells.
Your spell library was empty.

Dungeon Overview and Level Annotations

Branches:
Dungeon (3/15)

Altars:
Elyvilon
Gozag
Kikubaaqudgha
Qazlal
Ru


Innate Abilities, Weirdness & Mutations

You cannot be hasted, slowed, berserked, paralysed or teleported.
You can dig through walls and to a lower floor.
Your four strong arms can wield two-handed weapons with a shield.
You have a pair of large antennae on your head. (SInv)


Message History

You hit the ice beast but do no damage.
The ice beast is almost dead.
The ice beast barely misses you.
You hit the ice beast but do no damage.
The ice beast is almost dead.
The ice beast barely misses you.
You closely miss the ice beast.
The ice beast is almost dead.
The ice beast hits you. The ice beast freezes you.
* * * LOW HITPOINT WARNING * * *
You hit the ice beast but do no damage.
The ice beast is almost dead.
The ice beast hits you but does no damage.
Some of the chunks of flesh in your inventory have rotted away.
You hit the ice beast but do no damage.
The ice beast is almost dead.
The ice beast hits you.
* * * LOW HITPOINT WARNING * * *
The ice beast freezes you!
You die...

### ####
#.######################..####
###..........#.................#
..#.########.#.#######.#.....#.#
#.#.#......#.#.# #.........#
#.#.##.###.#.#.#######.#.⌠.⌠.#.#
#.#.##.###.#...................#
#.#.##.#...#...........#.....#.#
#.#.##.#...#....@Y.((.(..._....#
#.#.##.###.#.#'####..(.#.....#.#
#.#.#........#...##............#
#.#.#..###.###...##....#.⌠.⌠.#.#
#.#.#......# #...#####.........#
#.#.#.#....# #...# #.#.....#.#
#.#.#.....## #.#######.........#
#.#.###.### #.......#.##..#####
..#.#.#.############.#.##)####


You could see an ice beast.

Vanquished Creatures
  4 adders
  A gnoll (D:1)
  An ooze (D:2)
  2 worms
  3 dart slugs (D:2)
  3 giant cockroaches
  4 goblins
  14 hobgoblins
  5 jackals
  8 kobolds
  A quokka (D:3)
  2 ball pythons
  6 bats
  4 frilled lizards
  10 rats
68 creatures vanquished.

Notes
Turn   | Place    | Note
-------+----------+-------------------------------------------
     0 | D:1      | funkygono the Formicid Hunter began the quest for the Orb.
     0 | D:1      | Reached XP level 1. HP: 16/16 MP: 1/1
   140 | D:1      | Reached skill level 5 in Slings
   140 | D:1      | Reached XP level 2. HP: 13/22 MP: 2/2
   255 | D:1      | Reached XP level 3. HP: 26/28 MP: 3/3
   883 | D:2      | Reached XP level 4. HP: 29/34 MP: 4/4
  1606 | D:2      | Reached skill level 1 in Armour
  1987 | D:3      | Reached XP level 5. HP: 39/39 MP: 5/5
  2073 | D:3      | Found a stormy altar of Qazlal.
  2073 | D:3      | Found an ancient bone altar of Kikubaaqudgha.
  2309 | D:3      | Reached skill level 6 in Slings
  2339 | D:3      | Found a white marble altar of Elyvilon.
  2382 | D:3      | Noticed an ice beast
  2572 | D:3      | Found a sacrificial altar of Ru.
  2650 | D:3      | Found an opulent altar of Gozag.
  2820 | D:3      | Slain by an ice beast

Skill      XL: |  1  2  3  4  5 |
---------------+----------------+-----
Slings         | 5 6 |  6.0
Armour         | 1 |  1.4
Dodging        | 2 |  2.1
Fighting       | |  2.7
Maces & Flails | |  0.9
Stealth        | |  1.6

Action                   |  1- 3 |  4- 6 || total
-------------------------+-------+-------++-------
Melee: Short sword       |     3 |       ||     3
       Whip              |    25 |   130 ||   155
 Fire: Hunting sling     |    44 |    68 ||   112
  Use: Scroll            |     5 |     1 ||     6
 Stab: Sleeping          |       |     1 ||     1
  Eat: Chunk             |       |     6 ||     6
Armor: Leather armour    |     3 |    43 ||    46
Dodge: Dodged            |    19 |    98 ||   117
